[Event "Titled Tuesday Blitz February 28 Late 2023"]
[White "Sieciechowicz, Marcin"]
[Black "Kleiman, Jake"]
[WhiteFideId "1130170"]
[BlackFideId "2020041"]
[WhiteElo "2302"]
[BlackElo "2494"]
[Result "0-1"]
[Round "07"]
[TimeControl "180+2"]
[Date "2023.02.28"]
[WhiteClock "0:00:44"]
[BlackClock "0:00:34"]

1. e4 e5 2. Bc4 Nf6 3. Nc3 Nc6 4. d3 Bb4 5. Bd2 Bxc3 6. Bxc3 d5 7. Bb5 d4 8. Bb4 Nd7 9. Ba3 Qg5 10. Nf3 Qh6 11. c3 dxc3 12. bxc3 a6 13. Ba4 Nb6 14. Bb3 Bg4 15. O-O O-O-O 16. Bxf7 Rd7 17. Bb3 Rhd8 18. Qc1 Qxc1 19. Raxc1 Bxf3 20. gxf3 Rxd3 21. Kg2 Na5 22. Bc4 Naxc4 0-1


[Site "https://www.chess.com"]

[Event "Titled Tuesday Blitz February 28 Late 2023"]
[White "Melikyan, Gnel"]
[Black "Erzhanov, Arman"]
[WhiteFideId "54109990"]
[BlackFideId "4138821"]
[WhiteElo "2138"]
[BlackElo "2138"]
[Result "1/2-1/2"]
[Round "07"]
[TimeControl "180+2"]
[Date "2023.02.28"]
[WhiteClock "0:00:07"]
[BlackClock "0:00:41"]

1. b3 c5 2. Bb2 Nc6 3. Nf3 d6 4. g3 e5 5. Bg2 f5 6. O-O Nf6 7. d3 Be7 8. Nbd2 O-O 9. e4 fxe4 10. Nxe4 Bg4 11. h3 Bh5 12. g4 Bg6 13. Nh4 Bxe4 14. dxe4 Nxg4 15. Nf5 Nf6 16. Kh1 g6 17. Ne3 Nh5 18. Ng4 Nf4 19. Nh6+ Kg7 20. Ng4 Nd4 21. c3 Nde6 22. Ne3 Qd7 23. Qg4 h5 24. Qd1 Nxg2 25. Nxg2 Nf4 26. Nxf4 Rxf4 27. Kg2 Raf8 28. f3 Qe6 29. c4 Qf6 30. Bc1 Rh4 31. Be3 Qe6 32. Rh1 g5 33. Qd2 Kg6 34. Rag1 Kh6 35. Kf2 Rg8 36. Rg3 Rf4 37. Bxf4 exf4 38. Rgg1 Bf6 39. Ke2 Bd4 40. Rg2 Qf6 41. Kd1 Qd8 42. Kc2 a5 43. h4 Qf6 44. hxg5+ Rxg5 45. Rxg5 Qxg5 46. Qh2 b6 47. a3 Be3 48. Rd1 Bd4 49. Qh3 Qg3 50. Qe6+ Kg5 51. Qf5+ Kh6 52. Qe6+ Kh7 53. Qf7+ Kh6 54. Qf8+ Kh7 55. Qf7+ Kh6 56. Qe6+ 1/2-1/2


[Site "https://www.chess.com"]

[Event "Titled Tuesday Blitz February 28 Late 2023"]
[White "Yang, Qindong"]
[Black "Kleinman, Michael"]
[WhiteFideId "8603758"]
[BlackFideId "2609479"]
[WhiteElo "2090"]
[BlackElo "2287"]
[Result "0-1"]
[Round "07"]
[TimeControl "180+2"]
[Date "2023.02.28"]
[WhiteClock "0:00:16"]
[BlackClock "0:00:45"]

1. d4 Nf6 2. c4 g6 3. Nc3 d5 4. cxd5 Nxd5 5. Bd2 Bg7 6. e4 Nxc3 7. Bxc3 O-O 8. Qd2 c5 9. d5 e6 10. d6 Nc6 11. Nf3 e5 12. b4 cxb4 13. Bxb4 Bg4 14. Be2 Bxf3 15. Bxf3 Nd4 16. Bd1 Qh4 17. Qd3 Rfd8 18. O-O Bf8 19. f4 Nc6 20. Bb3 Nxb4 21. Qc4 Bxd6 22. Qxf7+ Kh8 23. Rf3 Qe7 24. Qc4 Rac8 25. Qe6 Qxe6 26. Bxe6 Rc7 27. f5 Nc2 28. Raf1 Nd4 29. Rh3 Nxe6 30. fxe6 Re8 31. Rf6 Kg7 32. Rhf3 Rce7 0-1


[Site "https://www.chess.com"]

[Event "Titled Tuesday Blitz February 28 Late 2023"]
[White "Poliakova, Varvara"]
[Black "Sokac, Marko"]
[WhiteFideId "13518313"]
[BlackFideId "14531356"]
[WhiteElo "2075"]
[BlackElo "2355"]
[Result "1/2-1/2"]
[Round "07"]
[TimeControl "180+2"]
[Date "2023.02.28"]
[WhiteClock "0:01:29"]
[BlackClock "0:00:44"]

1. e4 d6 2. d4 Nf6 3. Nc3 c6 4. f4 Qa5 5. e5 Ne4 6. Nf3 Nxc3 7. bxc3 d5 8. Bd2 Bg4 9. h3 Bf5 10. c4 Qa4 11. cxd5 cxd5 12. c4 Bc2 13. Qc1 dxc4 14. Qb2 b5 15. d5 Be4 16. Nd4 Bxd5 17. Nxb5 Na6 18. Nc3 Qd7 19. Nxd5 Qxd5 20. Rc1 Rc8 21. Qa3 Nb8 22. Qxa7 Nc6 23. Qb7 Rb8 24. Qa6 Rb2 25. Qc8+ Nd8 26. Bc3 Qe4+ 27. Kd1 Qd5+ 28. Ke1 Qe4+ 29. Kd1 Qd5+ 30. Ke1 Qe4+ 31. Kd1 1/2-1/2


[Site "https://www.chess.com"]

[Event "Titled Tuesday Blitz February 28 Late 2023"]
[White "Cheng, Xiao"]
[Black "Gerzhoy, Leonid"]
[WhiteFideId "2022915"]
[BlackFideId "2806126"]
[WhiteElo "2480"]
[BlackElo "2616"]
[Result "0-1"]
[Round "07"]
[TimeControl "180+2"]
[Date "2023.02.28"]
[WhiteClock "0:00:48"]
[BlackClock "0:00:13"]

1. e4 d6 2. d4 Nf6 3. Nc3 e5 4. Nf3 Nc6 5. d5 Ne7 6. h3 g6 7. g4 Bg7 8. Bg2 O-O 9. O-O Ne8 10. Nd2 f5 11. Qe2 Nf6 12. exf5 gxf5 13. g5 Ne8 14. f4 Ng6 15. fxe5 dxe5 16. Nc4 Nd6 17. Nd1 f4 18. Nxd6 cxd6 19. Qh5 Bf5 20. c3 Bd3 21. Re1 Qb6+ 22. Nf2 Bf5 23. Kf1 f3 24. Bxf3 e4 25. Be3 Qxb2 26. Rab1 Qxc3 27. Be2 Qxe3 28. Rb3 Qf4 29. Kg1 e3 30. Qf3 exf2+ 31. Kxf2 Bd4+ 32. Kg2 Nh4+ 33. Kh1 Nxf3 34. Rxf3 Be4 35. Rf1 Bxf3+ 36. Rxf3 Qc1+ 37. Bf1 Rxf3 38. Kg2 Qxf1+ 39. Kh2 Rxh3# 0-1


[Site "https://www.chess.com"]

[Event "Titled Tuesday Blitz February 28 Late 2023"]
[White "reevecanada"]
[Black "Gubajdullin, Alexei"]
[BlackFideId "4141202"]
[WhiteElo "2475"]
[BlackElo "2285"]
[Result "1/2-1/2"]
[Round "07"]
[TimeControl "180+2"]
[Date "2023.02.28"]
[WhiteClock "0:00:10"]
[BlackClock "0:00:09"]

1. e4 c5 2. Nf3 Nc6 3. Bb5 g6 4. d4 cxd4 5. Nxd4 Bg7 6. Be3 Nf6 7. Nc3 O-O 8. f3 Ne5 9. Qd2 d5 10. f4 Neg4 11. e5 Nxe3 12. Qxe3 Nd7 13. Nxd5 Nxe5 14. Nxe7+ Qxe7 15. fxe5 Qxe5 16. Qxe5 Bxe5 17. O-O-O Bg4 18. Nf3 Bf6 19. Rhf1 Rad8 20. Bd3 Kg7 21. h3 Bc8 22. g4 h6 23. c3 Rfe8 24. Kc2 Re3 25. Bc4 Rxd1 26. Kxd1 h5 27. g5 Bd8 28. Kd2 Re4 29. Bd3 Bxh3 30. Rh1 Bg2 31. Bxe4 Bxh1 32. Bxb7 h4 33. Ke2 h3 34. Kf2 h2 35. c4 Bb6+ 36. Kg3 Bc7+ 37. Kf2 f6 38. gxf6+ Kxf6 39. Bd5 g5 40. Nxh2 Bxd5 41. Ng4+ Ke6 42. cxd5+ Kxd5 43. Ke3 Kc4 44. Ke4 a5 45. Ne3+ Kb5 46. Nc2 g4 47. Ne3 g3 48. Kf3 a4 49. Nd5 Bd6 50. Nc3+ Kb4 51. Ne4 Be5 52. Nxg3 Bxb2 53. Ne4 Bd4 54. Ke2 Ka3 55. Kd3 Be5 56. Nc5 Bd6 57. Nxa4 Kxa4 58. a3 Kxa3 1/2-1/2


[Site "https://www.chess.com"]

[Event "Titled Tuesday Blitz February 28 Late 2023"]
[White "Girsh, Daniel"]
[Black "Risteski, Emil"]
[WhiteFideId "30949190"]
[BlackFideId "15005267"]
[WhiteElo "2075"]
[BlackElo "2251"]
[Result "1-0"]
[Round "07"]
[TimeControl "180+2"]
[Date "2023.02.28"]
[WhiteClock "0:00:48"]
[BlackClock "0:00:04"]

1. e4 d6 2. d4 Nf6 3. Nc3 e5 4. Nf3 Nbd7 5. Bc4 Be7 6. O-O O-O 7. Re1 c6 8. a4 a5 9. Bg5 h6 10. Be3 exd4 11. Qxd4 Nc5 12. Rad1 Be6 13. h3 Nfd7 14. Bxe6 fxe6 15. Qc4 Qe8 16. Bxc5 Nxc5 17. Nd4 Qf7 18. Qe2 Rae8 19. Nf3 d5 20. Ne5 Qf6 21. Ng4 Qg5 22. e5 Nd7 23. Nh2 Bc5 24. Nf3 Qg6 25. Rf1 Rf4 26. b3 Ref8 27. Rd3 Ba7 28. Re1 Nc5 29. Rd4 Rxf3 30. Rg4 Qh5 31. gxf3 Qxh3 32. Rg3 Qh4 33. Rg4 Qh5 34. Kg2 Nd7 35. f4 Qf7 36. Rh1 Kh7 37. Qd3+ g6 38. Rgh4 1-0


[Site "https://www.chess.com"]

[Event "Titled Tuesday Blitz February 28 Late 2023"]
[White "Klose, Eli"]
[Black "Karamsetty, Jeevan"]
[WhiteFideId "16242955"]
[BlackFideId "2025337"]
[WhiteElo "2584"]
[BlackElo "2111"]
[Result "1/2-1/2"]
[Round "07"]
[TimeControl "180+2"]
[Date "2023.02.28"]
[WhiteClock "0:00:32"]
[BlackClock "0:00:07"]

1. e4 e5 2. Nf3 Nc6 3. d4 exd4 4. Bc4 Nf6 5. O-O d6 6. Nxd4 Be7 7. Nc3 O-O 8. a4 Bd7 9. Ba2 Nxd4 10. Qxd4 c6 11. Bf4 Ne8 12. Rad1 Qa5 13. Bg3 Be6 14. Bxe6 fxe6 15. Qc4 d5 16. Qe2 Bb4 17. Be5 Nf6 18. Kh1 Bxc3 19. Bxc3 Qxa4 20. e5 Ne4 21. Bd4 c5 22. f3 cxd4 23. fxe4 Qc4 24. Rfe1 Qc5 25. exd5 Qxd5 26. c3 Rf4 27. Rxd4 Rxd4 28. cxd4 Qxd4 29. Rd1 Qc5 30. h3 Rf8 31. Rd2 a5 32. Rd7 b5 33. Rd6 Qc1+ 34. Kh2 Qf4+ 35. Kh1 Qc1+ 36. Kh2 Qf4+ 37. Kg1 Qc1+ 38. Kh2 1/2-1/2


[Site "https://www.chess.com"]

[Event "Titled Tuesday Blitz February 28 Late 2023"]
[White "benny_aizenberg"]
[Black "Vovk, Orest"]
[BlackFideId "14113490"]
[WhiteElo "2583"]
[BlackElo "2215"]
[Result "1-0"]
[Round "07"]
[TimeControl "180+2"]
[Date "2023.02.28"]
[WhiteClock "0:00:05"]
[BlackClock "0:00:09"]

1. e4 g5 2. d4 g4 3. Nc3 Bg7 4. e5 d6 5. Bf4 Nc6 6. Bb5 Bd7 7. e6 fxe6 8. Qxg4 Bxd4 9. Qh5+ Kf8 10. Nf3 Be8 11. Qg4 h5 12. Qxe6 Bf7 13. Qe2 e5 14. Bxc6 bxc6 15. Nxd4 exd4 16. Ne4 Qe7 17. O-O Nf6 18. Ng3 Qxe2 19. Nxe2 c5 20. b4 Bc4 21. Rfe1 Bxe2 22. Rxe2 cxb4 23. Rae1 Re8 24. Rxe8+ Nxe8 25. Bg5 Rh7 26. h4 c5 27. f3 Rd7 28. g4 hxg4 29. fxg4 Ng7 30. h5 Kf7 31. Rf1+ Kg8 32. h6 Ne6 33. Bd2 Rf7 34. Re1 Nf8 35. Kg2 Ng6 36. Kg3 Ne5 37. Bf4 Ng6 38. Bxd6 Kh7 39. g5 a5 40. Bxc5 Nf4 41. Kg4 d3 42. Be3 Ng2 43. Kh5 Rf5 44. Rg1 Nxe3 45. cxd3 Nd5 46. Re1 Nf4+ 47. Kg4 Kg6 48. Re7 Rxg5+ 49. Kxf4 Rf5+ 50. Ke4 Rh5 51. h7 Rxh7 52. Rxh7 Kxh7 53. Kd4 a4 54. Kc4 b3 55. axb3 axb3 56. Kxb3 Kg7 57. Kc4 Kf7 58. Kd5 Ke7 59. Kc6 Ke6 60. d4 Ke7 61. d5 Kd8 62. Kd6 Kc8 63. Ke7 1-0


[Site "https://www.chess.com"]

[Event "Titled Tuesday Blitz February 28 Late 2023"]
[White "Di Berardino, Diego Rafael"]
[Black "Mujumdar, Sameer"]
[WhiteFideId "2105446"]
[BlackFideId "2029707"]
[WhiteElo "2432"]
[BlackElo "2104"]
[Result "1-0"]
[Round "07"]
[TimeControl "180+2"]
[Date "2023.02.28"]
[WhiteClock "0:00:12"]
[BlackClock "0:01:10"]

1. d4 Nf6 2. Nf3 e6 3. Bg5 d5 4. e3 Be7 5. Bd3 Nbd7 6. Nbd2 O-O 7. Ne5 Nxe5 8. dxe5 Nd7 9. Bf4 Nc5 10. Be2 f6 11. O-O fxe5 12. Bxe5 Bf6 13. Nf3 c6 14. Qd4 Nd7 15. Bxf6 Qxf6 16. Qxf6 gxf6 17. c4 Ne5 18. cxd5 exd5 19. Nd4 Bd7 20. f4 Ng4 21. Bxg4 Bxg4 22. f5 Rfe8 23. Rf4 Bh5 24. Ne6 Re7 25. e4 dxe4 26. Rxe4 Bf7 27. Rae1 Bxe6 28. Rxe6 Rxe6 29. Rxe6 Kf7 30. Rd6 Re8 31. Kf2 h5 32. g3 Re5 33. Rd7+ Re7 34. Rd8 Re5 35. Rd7+ Re7 36. Rxe7+ Kxe7 37. Ke3 Kd6 38. Kf4 c5 39. h4 b5 40. g4 hxg4 41. Kxg4 c4 42. Kf4 a5 43. Ke4 a4 44. Kd4 Ke7 45. a3 Kd6 46. h5 1-0


[Site "https://www.chess.com"]

[Event "Titled Tuesday Blitz February 28 Late 2023"]
[White "Papayan, Oleg"]
[Black "Pinheiro, Iung Alicio de O."]
[WhiteFideId "4193911"]
[BlackFideId "2104350"]
[WhiteElo "2153"]
[BlackElo "2283"]
[Result "0-1"]
[Round "07"]
[TimeControl "180+2"]
[Date "2023.02.28"]
[WhiteClock "0:00:02"]
[BlackClock "0:00:09"]

1. e4 c5 2. Nf3 Nc6 3. Bb5 g6 4. Bxc6 dxc6 5. h3 Qc7 6. Nc3 e5 7. d3 Nf6 8. Be3 h6 9. Qd2 Nh5 10. a4 a5 11. O-O g5 12. Nh2 Nf4 13. Bxf4 gxf4 14. f3 Rg8 15. Kf2 Be7 16. Ke1 Be6 17. Ng4 Rg6 18. Rh1 Bh4+ 19. Kf1 h5 20. Nf2 O-O-O 21. Re1 Rdg8 22. Rh2 Qd7 23. Re2 Bg3 24. Rh1 Bxf2 25. Rxf2 Rg3 26. Ne2 R3g7 27. Qxa5 Kb8 28. Qxc5 f6 29. b3 Rg6 30. Nc3 Rxg2 31. Rxg2 Bxh3 32. Rh2 Bxg2+ 33. Rxg2 Qh3 34. Qf2 Qh1+ 35. Rg1 Rxg1+ 36. Qxg1 Qxf3+ 37. Qf2 Qh1+ 38. Qg1 Qh3+ 39. Ke1 Qh4+ 40. Qf2 Qg5 41. Ne2 h4 42. Ng1 Qg4 43. Qf3 Qxg1+ 44. Ke2 Qg3 45. Qh5 Qg2+ 46. Ke1 Qg1+ 47. Ke2 Qc5 48. Qe8+ Ka7 49. Qd8 Qxc2+ 50. Kf3 Qc5 51. Qxf6 h3 52. Qh8 Qe3+ 53. Kg4 Qg3+ 54. Kf5 h2 55. Qxe5 Qxd3 56. Qa5+ Kb8 57. Qd8+ Qxd8 0-1


[Site "https://www.chess.com"]

[Event "Titled Tuesday Blitz February 28 Late 2023"]
[White "Karttunen, Mika"]
[Black "Przybylski, Wojciech"]
[WhiteFideId "502081"]
[BlackFideId "1117599"]
[WhiteElo "2396"]
[BlackElo "2222"]
[Result "1-0"]
[Round "07"]
[TimeControl "180+2"]
[Date "2023.02.28"]
[WhiteClock "0:00:09"]
[BlackClock "0:00:06"]

1. d4 Nf6 2. Bg5 e6 3. e4 h6 4. Bxf6 Qxf6 5. Nc3 d6 6. Qd2 g5 7. g3 c6 8. Bg2 Nd7 9. Nge2 g4 10. O-O Qg5 11. Qd3 Bg7 12. f4 Qe7 13. e5 f5 14. exf6 Nxf6 15. Rae1 Bd7 16. f5 e5 17. Nf4 O-O 18. Ng6 Qf7 19. Nxf8 Rxf8 20. dxe5 dxe5 21. Ne4 Qe7 22. Nxf6+ Rxf6 23. Be4 Be8 24. Rd1 Bf8 25. Qd8 Qc5+ 26. Kg2 Qe7 27. Qxe7 Bxe7 28. c3 Kg7 29. Rd2 h5 30. Rfd1 a5 31. Re2 Kf8 32. h3 Bd6 33. hxg4 hxg4 34. Rh1 Kg7 35. Rh4 Bf7 36. Rxg4+ Kf8 37. Rh4 Be7 38. Rh3 Rd6 39. g4 Bg5 40. Rh8+ Kg7 41. Rb8 b5 42. Rb7 Kf6 43. Bf3 Be8 44. Rc7 b4 45. Rc8 Bd7 46. Rf8+ Ke7 47. Rg8 Bf6 48. g5 Bxf5 49. gxf6+ Kxf6 50. Rf8+ Kg5 51. Rxe5 Rd2+ 52. Be2 Rxb2 53. Rfxf5+ Kg6 54. cxb4 axb4 55. Rf2 b3 56. Bd3+ Kg7 57. Rxb2 c5 58. axb3 c4 59. bxc4 Kf6 60. Re4 Kf5 61. Rf2+ Kg5 62. Rf3 Kh5 63. Kg3 Kg5 64. Rg4+ Kh5 65. Rf5+ Kh6 66. Bf1 Kh7 67. Rh5# 1-0


[Site "https://www.chess.com"]

[Event "Titled Tuesday Blitz February 28 Late 2023"]
[White "Mortazavi, Ali"]
[Black "Yurovskykh, Oleksandr"]
[WhiteFideId "401323"]
[BlackFideId "14134020"]
[WhiteElo "2339"]
[BlackElo "2268"]
[Result "1-0"]
[Round "07"]
[TimeControl "180+2"]
[Date "2023.02.28"]
[WhiteClock "0:00:08"]
[BlackClock "0:00:05"]

1. e4 d5 2. Nc3 d4 3. Nce2 e5 4. Ng3 Be6 5. Bb5+ c6 6. Ba4 Qa5 7. c3 d3 8. Nf3 f6 9. Bb3 Bd7 10. Bxg8 Rxg8 11. Qb3 Rh8 12. Qxb7 Qb6 13. Qxa8 Bd6 14. a4 Bc7 15. a5 Qa6 16. Ra3 c5 17. Rb3 Ke7 18. Qb7 Qxa5 19. Ra3 Qb6 20. Rxa7 Qxb7 21. Rxb7 Kd6 22. b4 Kc6 23. Ra7 cxb4 24. cxb4 Bb6 25. Ra3 Kb7 26. O-O Bb5 27. Nf5 Rd8 28. Nxg7 Nc6 29. Ne6 Rd6 30. Nc5+ Kc7 31. Bb2 Nxb4 32. Rc3 Nc6 33. Rfc1 Kb8 34. Nh4 Nb4 35. Rb3 1-0


[Site "https://www.chess.com"]

[Event "Titled Tuesday Blitz February 28 Late 2023"]
[White "Cilek, Bora"]
[Black "Seletsky, Grigory"]
[WhiteFideId "34502165"]
[BlackFideId "14112191"]
[WhiteElo "2108"]
[BlackElo "2490"]
[Result "1-0"]
[Round "07"]
[TimeControl "180+2"]
[Date "2023.02.28"]
[WhiteClock "0:00:36"]
[BlackClock "0:00:06"]

1. Nf3 d5 2. g3 Bf5 3. Bg2 e6 4. c4 c6 5. cxd5 exd5 6. d3 Nf6 7. O-O Be7 8. Nc3 O-O 9. Qb3 Qb6 10. Qc2 Bg6 11. e4 dxe4 12. dxe4 h6 13. Be3 Qa5 14. Nh4 Bh7 15. h3 Nbd7 16. Rad1 Bc5 17. Bc1 Rfe8 18. a3 Bb6 19. b4 Qe5 20. Kh2 a5 21. f4 Qe6 22. Qb2 axb4 23. axb4 Rad8 24. e5 Nxe5 25. fxe5 Qxe5 26. Rxd8 Rxd8 27. Na4 Bd4 28. Qb3 Be4 29. Bf4 Qe8 30. Re1 g5 31. Nc3 gxf4 32. Nxe4 Qe5 33. gxf4 Qxf4+ 34. Qg3+ Qxg3+ 35. Nxg3 Nd5 36. Bxd5 Rxd5 37. Nhf5 Kh7 38. Re7 Kg6 39. Rxb7 Be5 40. Ne7+ 1-0


[Site "https://www.chess.com"]

[Event "Titled Tuesday Blitz February 28 Late 2023"]
[White "Defend, Balint"]
[Black "Plotkin, Victor"]
[WhiteFideId "17004853"]
[BlackFideId "2606674"]
[WhiteElo "2554"]
[BlackElo "2214"]
[Result "0-1"]
[Round "07"]
[TimeControl "180+2"]
[Date "2023.02.28"]
[WhiteClock "0:00:10"]
[BlackClock "0:00:08"]

1. e4 e5 2. Nf3 Nf6 3. Nxe5 Nxe4 4. Qe2 Qe7 5. Qxe4 d6 6. f4 dxe5 7. Qxe5 Qxe5+ 8. fxe5 Bf5 9. d3 Nc6 10. Bf4 O-O-O 11. Nc3 Re8 12. Kd2 Bc5 13. Re1 Bd4 14. h3 Bxe5 15. Bxe5 Nxe5 16. Re3 f6 17. g4 Bd7 18. Bg2 Bc6 19. Bxc6 Nxc6 20. Rhe1 Rxe3 21. Rxe3 Kd7 22. Ne4 b6 23. c3 Re8 24. d4 Ne7 25. c4 Ng6 26. d5 Nf4 27. b3 Ng2 28. Rg3 Rxe4 29. Rxg2 Kd6 30. Rg3 Ke5 31. Kd3 Kf4 32. g5 Kxg3 33. Kxe4 fxg5 34. b4 Kxh3 35. c5 bxc5 36. bxc5 g4 37. d6 cxd6 38. c6 g3 39. c7 g2 40. c8=Q+ Kh2 41. Qc2 Kh1 42. Kf3 g1=Q 43. Qxh7+ Qh2 44. Qb1+ Qg1 45. Qh7+ Qh2 46. Qxg7 Qxa2 47. Qh6+ Kg1 48. Qg7+ Kh1 49. Qg3 Qb3+ 50. Kg4 Qxg3+ 51. Kxg3 a5 52. Kf3 a4 0-1


[Site "https://www.chess.com"]

[Event "Titled Tuesday Blitz February 28 Late 2023"]
[White "Sokolin, Leonid"]
[Black "Gascon Del Nogal, Jose Rafael"]
[WhiteFideId "2009161"]
[BlackFideId "3902463"]
[WhiteElo "2394"]
[BlackElo "2473"]
[Result "0-1"]
[Round "07"]
[TimeControl "180+2"]
[Date "2023.02.28"]
[WhiteClock "0:00:40"]
[BlackClock "0:00:43"]

1. e4 c5 2. Nf3 d6 3. d4 cxd4 4. Qxd4 Nc6 5. Qe3 g6 6. Be2 Bg7 7. O-O Nf6 8. h3 O-O 9. c4 Qb6 10. Nc3 Be6 11. Qxb6 axb6 12. Be3 Nd7 13. Ng5 Bd4 14. Nxe6 fxe6 15. Bg4 Kf7 16. Bxd4 Nxd4 17. Rfd1 Nc2 18. Rac1 Nb4 19. a3 Nc6 20. Nb5 h5 21. Be2 Nc5 22. b4 Nxe4 23. g4 h4 24. f3 Ng3 25. Bd3 Ne5 26. Kg2 Rac8 27. Rc3 Nxd3 28. Rdxd3 Ne2 29. Rc2 Nf4+ 0-1


[Site "https://www.chess.com"]

[Event "Titled Tuesday Blitz February 28 Late 2023"]
[White "Sreyas Payyappat"]
[Black "Prem, Pranav"]
[WhiteFideId "46674969"]
[BlackFideId "30901057"]
[WhiteElo "2083"]
[BlackElo "1970"]
[Result "0-1"]
[Round "07"]
[TimeControl "180+2"]
[Date "2023.02.28"]
[WhiteClock "0:00:06"]
[BlackClock "0:00:09"]

1. e4 c5 2. Nf3 d6 3. d4 cxd4 4. Nxd4 Nf6 5. Nc3 a6 6. h4 e5 7. Nb3 Be7 8. Bg5 Be6 9. Bxf6 Bxf6 10. g3 O-O 11. Qd2 Nc6 12. O-O-O a5 13. Qxd6 Qb6 14. Qc5 Qc7 15. Nd5 Qb8 16. Nxf6+ gxf6 17. Bc4 a4 18. Bxe6 fxe6 19. Nd2 a3 20. b3 Nd4 21. Nc4 b5 22. Nb6 Qa7 23. b4 Rab8 24. c3 Rxb6 25. cxd4 Qb7 26. d5 Rc8 27. Kb1 Rxc5 28. bxc5 Ra6 29. c6 Qc7 30. d6 Qxc6 31. d7 Qxe4+ 32. Ka1 Ra8 33. d8=Q+ Rxd8 34. Rxd8+ Kf7 35. Rhd1 Qe2 36. R8d2 Qc4 37. Kb1 b4 38. Rc2 Qe4 39. Kc1 f5 40. Rc7+ Kg6 41. Rc2 f4 42. Rd6 Kf5 43. g4+ Kxg4 44. Rxe6 Qh1+ 45. Kd2 Qd5+ 46. Ke2 Qxe6 47. f3+ Kg3 48. Rc8 Qxc8 0-1


[Site "https://www.chess.com"]

[Event "Titled Tuesday Blitz February 28 Late 2023"]
[White "Pham, Khoi"]
[Black "Rego, Pedro Filipe"]
[WhiteFideId "1054988"]
[BlackFideId "1904310"]
[WhiteElo "2553"]
[BlackElo "2193"]
[Result "0-1"]
[Round "07"]
[TimeControl "180+2"]
[Date "2023.02.28"]
[WhiteClock "0:00:18"]
[BlackClock "0:00:16"]

1. e4 c5 2. Nf3 d6 3. d4 cxd4 4. Nxd4 Nf6 5. Nc3 Nc6 6. Bc4 Qb6 7. Nb3 e6 8. Qe2 Be7 9. Be3 Qc7 10. O-O-O a6 11. f4 b5 12. Bd3 Bb7 13. Kb1 Nb4 14. Rhe1 Nxd3 15. cxd3 O-O 16. g4 Rfc8 17. g5 Nd7 18. Qh5 Nf8 19. f5 b4 20. Ne2 exf5 21. exf5 Nd7 22. Bd4 Ne5 23. Bxe5 dxe5 24. Rg1 g6 25. Qh3 Qc2+ 26. Ka1 Qxe2 27. f6 Bf8 28. Qd7 Bf3 29. Rde1 Qxh2 30. Rgf1 Bg2 31. Rf2 Qg3 32. Ree2 Bc6 33. Qg4 Qxg4 34. Nd2 Bf3 35. Re1 Bd1 36. Rff1 Rc1+ 37. Nb1 Rac8 38. Rg1 Rxb1+ 39. Kxb1 Qf3 40. Rxd1 Rd8 41. Ka1 Rxd3 42. Rc1 Rc3 43. bxc3 bxc3 44. Rgf1 Qd3 45. Rg1 Qc4 46. Rb1 e4 47. Rgc1 e3 48. Rb3 c2 49. Rb2 e2 50. Rbxc2 Qxc2 51. Rxc2 e1=Q+ 52. Kb2 Qd1 53. Rc1 Qd4+ 54. Rc3 h5 55. Kc2 Qe5 56. Rc8 Qxg5 57. Kc3 Qxf6+ 58. Kc4 Kg7 59. Rxf8 Qe6+ 60. Kc5 Kxf8 61. a4 h4 62. a5 h3 63. Kb4 h2 64. Ka3 h1=Q 65. Kb2 Qf3 66. Kc2 Qee2+ 67. Kc1 Qff1# 0-1


[Site "https://www.chess.com"]

[Event "Titled Tuesday Blitz February 28 Late 2023"]
[White "Nefedov, Sergey"]
[Black "Buchenau, Frank"]
[WhiteFideId "24113417"]
[BlackFideId "4604350"]
[WhiteElo "2227"]
[BlackElo "2157"]
[Result "1-0"]
[Round "07"]
[TimeControl "180+2"]
[Date "2023.02.28"]
[WhiteClock "0:00:03"]
[BlackClock "0:00:02"]

1. d4 e6 2. Nf3 Nf6 3. c4 b6 4. a3 Ba6 5. Qc2 Bb7 6. Nc3 c5 7. e3 Bxf3 8. gxf3 cxd4 9. exd4 Nc6 10. Be3 e5 11. d5 Nd4 12. Bxd4 exd4 13. Nb5 a6 14. Nxd4 g6 15. O-O-O Bh6+ 16. Kb1 O-O 17. Bd3 Rc8 18. Be4 Qc7 19. b3 Rfe8 20. h4 Nh5 21. Rhe1 Bg7 22. Qd2 Qc5 23. Nc2 b5 24. Bd3 bxc4 25. Bxc4 Rb8 26. Kc1 Rec8 27. Re4 Rxb3 28. Re8+ Rxe8 29. Bxb3 Rb8 30. Qd3 Bc3 31. Qc4 Qxc4 32. Bxc4 Nf4 33. Bxa6 Bb2+ 34. Kd2 Ra8 35. Bb5 Be5 36. a4 Bd6 37. Ne3 Nh5 38. Bxd7 Nf6 39. Bc6 Ra5 40. Nc4 Bb4+ 41. Kc2 Ra6 42. Kb3 Bc5 43. a5 Bxf2 44. Ka4 1-0


[Site "https://www.chess.com"]

[Event "Titled Tuesday Blitz February 28 Late 2023"]
[White "Sztokbant, Bernardo Vainzoff"]
[Black "Lawson, Eric"]
[WhiteFideId "2115956"]
[BlackFideId "2604116"]
[WhiteElo "2222"]
[BlackElo "2512"]
[Result "1-0"]
[Round "07"]
[TimeControl "180+2"]
[Date "2023.02.28"]
[WhiteClock "0:00:08"]
[BlackClock "0:00:18"]

1. e4 c5 2. Nf3 d6 3. d4 cxd4 4. Qxd4 Nf6 5. Nc3 Nc6 6. Bb5 Bd7 7. Bxc6 Bxc6 8. O-O e5 9. Qd3 Be7 10. b3 O-O 11. a4 Qc7 12. Ba3 Rfd8 13. Rfd1 Rac8 14. Qe3 a6 15. h3 Bf8 16. Rd3 h6 17. Rad1 Bd7 18. R1d2 Be6 19. Ne2 b5 20. axb5 axb5 21. Ng3 g6 22. Bb4 Qc6 23. Nxe5 Qa6 24. Kh2 Kh7 25. Nf3 d5 26. Bxf8 Rxf8 27. exd5 Nxd5 28. Rxd5 Bxd5 29. Rxd5 Rxc2 30. Qe7 Kg7 31. Rd6 Qa1 32. Qe3 Rc1 33. Rd7 Qc3 34. Qf4 Kg8 35. Ne4 Qa1 36. Qxh6 Rh1+ 37. Kg3 Qg7 38. Qxg7+ Kxg7 39. Neg5 Kg8 40. Rb7 f6 41. Ne4 f5 42. Neg5 f4+ 43. Kg4 Rf5 44. Rb8+ Kg7 45. Rb7+ Kg8 46. Nd4 Rd5 47. Rb8+ Kg7 48. Nge6+ Kf6 49. Kxf4 Rg1 50. Kg3 Rd1 51. Rf8+ Ke7 52. Rg8 Rd3+ 53. f3 Kf7 54. Rg7+ Kf6 55. Rb7 Ke5 56. h4 R3xd4 57. Nxd4 Kxd4 58. Rg7 Kc3 59. Rxg6 Kxb3 60. Kg4 b4 61. h5 Rd2 62. g3 Rh2 63. h6 Kc2 64. Kg5 b3 65. Rb6 b2 66. g4 Rh3 67. Rxb2+ Kxb2 68. Kg6 Rxf3 69. g5 Rh3 70. h7 Kc3 71. Kg7 Kd4 72. h8=Q Rg3 73. g6 Ke4 74. Qe8+ Kf3 75. Qf7+ Kg2 76. Kf8 Rf3 77. Qxf3+ Kxf3 78. g7 Ke4 79. g8=Q Kf5 80. Qf7+ 1-0


[Site "https://www.chess.com"]

[Event "Titled Tuesday Blitz February 28 Late 2023"]
[White "Guzman Moneo, Alberto"]
[Black "Jimenez Almeida, Luis David"]
[WhiteFideId "2209616"]
[BlackFideId "22242244"]
[WhiteElo "2157"]
[BlackElo "2245"]
[Result "0-1"]
[Round "07"]
[TimeControl "180+2"]
[Date "2023.02.28"]
[WhiteClock "0:00:04"]
[BlackClock "0:00:15"]

1. e4 c6 2. Nf3 g6 3. d4 Bg7 4. c4 Na6 5. Nc3 Nc7 6. d5 d6 7. Bg5 h6 8. Bh4 Nf6 9. Bd3 O-O 10. h3 e5 11. dxc6 bxc6 12. O-O Rb8 13. b3 g5 14. Bg3 Nh5 15. c5 Nxg3 16. cxd6 Qxd6 17. fxg3 Qc5+ 18. Kh2 Qxc3 19. Rc1 Qa5 20. Rxc6 Bb7 21. Rd6 Rbd8 22. Bc4 Rxd6 23. Qxd6 Bxe4 24. Nd2 Bd5 25. Bxd5 Qxd5 26. Nc4 Qxd6 27. Nxd6 e4 28. Nxe4 Rd8 29. Rc1 Ne6 30. b4 Rd4 31. Rc8+ Kh7 32. Nc5 Rxb4 33. Nxe6 fxe6 34. Rc6 Rb6 35. Rc2 Kg6 36. h4 a5 37. Kh3 Bf6 38. Re2 Kf7 39. Kg4 gxh4 40. gxh4 Rb4+ 41. Kf3 Rxh4 42. g4 Rh3+ 43. Kf4 Bg5+ 44. Ke4 Rg3 45. Rc2 Rxg4+ 46. Kf3 Rf4+ 47. Kg3 Ra4 48. Kf3 h5 49. Kg3 Kf6 50. Kh3 h4 51. Kg2 Rg4+ 52. Kh3 Rg3+ 53. Kh2 a4 54. Kh1 a3 55. Kh2 Rd3 56. Rc8 Rd2+ 57. Kh3 Rxa2 58. Rf8+ Ke5 59. Rg8 Bf6 60. Rg4 Rb2 61. Ra4 a2 62. Ra5+ Ke4 63. Kg4 a1=Q 64. Rxa1 Rg2+ 65. Kh3 Bxa1 66. Kxg2 Bf6 67. Kh3 e5 68. Kg2 Kd4 69. Kf3 e4+ 70. Ke2 e3 71. Ke1 Be5 72. Ke2 Ke4 73. Ke1 h3 74. Kf1 Kf4 75. Ke2 h2 76. Kd3 h1=Q 77. Kc4 e2 78. Kd3 Qe4+ 79. Kd2 e1=B+ 80. Kd1 Qb1+ 81. Ke2 B1c3 82. Kf2 Qc2+ 83. Kg1 Bed4+ 84. Kf1 Qd1+ 85. Kg2 Qg4+ 0-1


[Site "https://www.chess.com"]